 Dungeon Crawl Stone Soup version 0.31.0-11-ge490571c62 (webtiles) character file.

Game seed: 5112933933629124950

39 qw the Shooter (level 3, -1/20 HPs)
             Began as a Deep Elf Hunter on Feb 3, 2024.
             Slain by a goblin
             ... wielding a +0 dagger
             ... led by Robin
              (3 damage)
             ... on level 2 of the Dungeon.
             The game lasted 00:00:02 (999 turns).

qw the Shooter (Deep Elf Hunter)                     Turns: 999, Time: 00:00:03

Health: -1/20      AC:  6    Str: 10    XL:     3   Next: 26%
Magic:  5/5        EV:  9    Int: 13    God:
Gold:   24         SH:  0    Dex: 18    Spells: 2/2 levels left

rFire   . . .        a - +0 shortbow
rCold   . . .        (shield currently unavailable)
rNeg    . . .        f - +0 scale mail
rPois   .            (no helmet)
rElec   .            (no cloak)
rCorr   .            (no gloves)
SInv    .            (no boots)
Will    .....        (no amulet)
Stlth   +            (no ring)
HPRegen 0.23/turn    (no ring)
MPRegen 0.09/turn

%: no passive effects
@: no status effects
A: no striking features
a: no special abilities


You were on level 2 of the Dungeon.
You visited 1 branch of the dungeon, and saw 2 of its levels.

You collected 24 gold pieces.


   Skills:
 - Level 1.5 Fighting
 + Level 6.8 Ranged Weapons
 - Level 2.4 Dodging
 - Level 1.2 Stealth


You had 2 spell levels left.
You didn't know any spells.
Your spell library was empty.

Inventory:

Hand Weapons
 a - a +0 shortbow (weapon)
Armour
 f - a +0 scale mail (worn)
Scrolls
 b - a scroll of torment {unknown}
Potions
 d - a potion of haste
 h - a potion of heal wounds {unknown}
 j - a potion of curing

Dungeon Overview and Level Annotations

Branches:
Dungeon (2/15)

Altars:
Qazlal

Annotations:
D:2 Robin


Message History

The goblin hits you with a +0 club.
You shoot an arrow. The arrow closely misses the goblin.
The goblin closely misses you. The goblin barely misses you.
You shoot an arrow. The arrow hits the goblin.
The goblin is moderately wounded.
The goblin barely misses you. The goblin closely misses you.
You shoot an arrow. The arrow hits the goblin!
You kill the goblin!
Robin throws the goblin at you! The goblin barely misses you.
The goblin hits you but does no damage. The goblin hits you with a +0 dagger.
The goblin hits you but does no damage.
You shoot an arrow. The arrow closely misses the goblin.
Robin says, "Bow before me, strongest of all the hobgoblins!"
The goblin hits you with a +0 dagger. The goblin hits you but does no damage.
You shoot an arrow. The arrow hits the goblin!
You kill the goblin!
The goblin misses you.
Robin says, "My goblins will feast on your bones."
You shoot an arrow. The arrow barely misses the goblin.
The goblin no longer looks unusually strong. x2
The goblin closely misses you. The goblin hits you but does no damage.
The goblin hits you with a +0 dagger. The goblin hits you but does no damage.
You shoot an arrow. The arrow closely misses the goblin.
The goblin no longer looks unusually strong.
The goblin hits you but does no damage.
You shoot an arrow. The arrow hits the goblin.
You kill the goblin!
The goblin hits you but does no damage. The ball python barely misses you.
The ball python grabs you. The ball python constricts you.
You shoot an arrow. The arrow hits the ball python.
You kill the ball python!
The hobgoblin no longer looks unusually strong.
Robin roars a battlecry!
The goblins go into a battle-frenzy!
The goblin barely misses you. The goblin closely misses you.
The hobgoblin closely misses you.
You shoot an arrow. The arrow hits the hobgoblin.
The hobgoblin is moderately wounded.
The hobgoblin hits you. The goblin hits you with a +0 dagger.
You die...

###################
#g@................
#g#################
#g gg ..g ....
..... ......


You could see Robin, a hobgoblin (strong) and 4 goblins.

Vanquished Creatures
  2 dart slugs (D:1)
  5 bats (D:1)
  3 endoplasms (D:1)
  2 giant cockroaches (D:1)
  6 goblins
  5 hobgoblins (D:1)
  A ball python (D:2)
  3 kobolds (D:1)
  2 rats (D:1)
29 creatures vanquished.

Notes
Turn   | Place    | Note
-------+----------+-------------------------------------------
     0 | D:1      | qw the Deep Elf Hunter began the quest for the Orb.
     0 | D:1      | Reached XP level 1. HP: 12/12 MP: 3/3
     0 | D:1      | 0 ||| qw: Version: 0.3-a-157-g843a77d
     0 | D:1      | 0 ||| qw: Game counter: 3829
     0 | D:1      | 0 ||| qw: Melee chars always use a shield: true
     0 | D:1      | 0 ||| qw: God list: Okawaru
     0 | D:1      | 0 ||| qw: Allow faded altars: false
     0 | D:1      | 0 ||| qw: Do Orc after clearing Dungeon:15 true
     0 | D:1      | 0 ||| qw: Do second Lair branch before Depths: true
     0 | D:1      | 0 ||| qw: Lair rune preference: random
     0 | D:1      | 0 ||| qw: Goals: Normal
     0 | D:1      | 0 ||| PLANNING D:1-11
    84 | D:1      | Reached skill level 6 in Ranged Weapons
    84 | D:1      | Reached XP level 2. HP: 16/16 MP: 4/4
   666 | D:1      | Reached XP level 3. HP: 20/20 MP: 5/5
   857 | D:1      | Found a faded altar of an unknown god.
   920 | D:1      | 920 ||| UPGRADING to +0 scale mail.
   930 | D:1      | 930 ||| DROPPING +0 leather armour.
   932 | D:1      | Found a stormy altar of Qazlal.
   933 | D:1      | 933 ||| READING scroll labelled QAPETTUUTI.
   939 | D:1      | 939 ||| READING scroll labelled HEJUTI ETWYDE.
   939 | D:1      | 939 ||| IDENTIFYING fuming pink potion
   940 | D:1      | 940 ||| READING scroll labelled BEILUOHAXOE.
   948 | D:1      | 948 ||| DRINKING 2 purple potions.
   950 | D:1      | 950 ||| DROPPING scroll of butterflies.
   983 | D:2      | Noticed Robin
   992 | D:2      | HP: 5/20 [goblin/+0 dagger[Robin] (3)]
   995 | D:2      | HP: 2/20 [goblin/+0 dagger[Robin] (2)]
   999 | D:2      | Slain by a goblin

Levels and vault maps discovered:
D:1:      dpeg_arrival_lava_altar, layout_basic,
          shapermc_ecumenical_altar_hornbeckon
D:2:      layout_basic, uniq_robin, uniq_crazy_yiuf_cottage

Skill      XL: |  1 |
---------------+----+-----
Ranged Weapons | 6 |  6.8
Fighting       | |  1.5
Dodging        | |  2.4
Stealth        | |  1.2

Action                     || total
---------------------------++-------
   Fire: Shortbow          ||    73
    Use: Scroll            ||     3
         Potion            ||     1
 Armour: Leather armour    ||     6
         Scale mail        ||    16
  Dodge: Dodged            ||    31

Table legend:
 A = Non-vault XP
 B = Vault XP
 C = Vault XP percentage of total XP
 D = Non-vault monster count
 E = Vault monster count
 F = Vault count percentage of total count
                 A         B        C        D         E       F
            +---------+---------+-------+---------+---------+-------
      Total |      46 |      10 |  17.9 |      24 |       5 |  17.2
            +---------+---------+-------+---------+---------+-------
        D:1 |      45 |       0 |   0.0 |      23 |       0 |   0.0
        D:2 |       1 |      10 |  90.9 |       1 |       5 |  83.3
            +---------+---------+-------+---------+---------+-------
